 Dungeon Crawl Stone Soup version 0.28-a0-1347-g113dc556a4 (webtiles) character file.

Game seed: 3515691662547491755

14748 fragbeetle the Fighter (level 11, -2/95 HPs)
             Began as a Palentonga Berserker on Dec 30, 2021.
             Was a Priest of Trog.
             Slain by a demonic crawler (7 damage)
             ... on level 1 of the Lair of Beasts.
             The game lasted 00:41:17 (14234 turns).

fragbeetle the Fighter (Palentonga Berserker)      Turns: 14234, Time: 00:41:18

Health: -2/95      AC: 15    Str: 29    XL:     11   Next: 92%
Magic:  11/11      EV: 12    Int:  7    God:    Trog [***...]
Gold:   222        SH:  9    Dex: 12    Spells: 10/10 levels left

rFire   . . .      SeeInvis +   a - +2 whip (flame)
rCold   . . .      Faith    .   O - +0 buckler
rNeg    . . .      Spirit   .   e - +1 leather armour {rPois}
rPois   +          Reflect  +   L - +1 hat {Will+}
rElec   .          Harm     .   t - +0 cloak
rCorr   .          Rampage  .   (no gloves)
Will    +....                   (no barding)
Stlth   +.........              J - amulet of reflection
HPRegen 0.25/turn               g - +6 ring of strength
MPRegen 0.12/turn               (no ring)

@: mighty, on berserk cooldown, hasted and slowed, curled up
A: large, rugged brown scales 3, see invisible, deformed body, roll 1, armoured
tail, reflexive curl
a: Rolling Charge, Renounce Religion, Berserk, Trog's Hand


You were on level 1 of the Lair of Beasts.
You worshipped Trog.
Trog was most pleased with you.
You visited 3 branches of the dungeon, and saw 13 of its levels.

You collected 401 gold pieces.
You spent 179 gold pieces at shops.

Inventory:

Hand Weapons
 a - a +2 whip of flaming (weapon)
 b - a +3 shortbow
Missiles
 c - 323 stones
 m - 308 arrows
 o - 8 boomerangs (quivered)
 s - 2 curare-tipped darts
 F - 33 poisoned darts
Armour
 e - a +1 leather armour of poison resistance (worn)
 t - a +0 cloak (worn)
 I - +0 acid dragon scales
 L - a +1 hat of willpower (worn)
 O - a +0 buckler (worn)
Jewellery
 g - a +6 ring of strength (left hand)
 J - an amulet of reflection (around neck)
Wands
 n - a wand of iceblast (6)
 q - a wand of flame (8)
 r - a wand of charming (10)
 B - a wand of digging (8)
Scrolls
 h - 3 scrolls of fog
 i - 2 scrolls of amnesia {unknown}
 j - a scroll of brand weapon {unknown}
 k - a scroll of immolation {unknown}
 p - 2 scrolls of acquirement {unknown}
 u - 2 scrolls of vulnerability {unknown}
 w - a scroll of magic mapping {unknown}
 x - a scroll of teleportation
 y - 3 scrolls of blinking {unknown}
 C - a scroll of torment {unknown}
 D - a scroll of holy word {unknown}
 E - a scroll of silence {unknown}
 H - a scroll of fear {unknown}
 N - 2 scrolls of identify
Potions
 d - a potion of lignification
 l - 2 potions of flight
 v - a potion of berserk rage
 z - a potion of might
 G - a potion of ambrosia {unknown}
 K - a potion of curing {unknown}
 M - a potion of cancellation {unknown}
Miscellaneous
 f - a condenser vane


   Skills:
 + Level 9.4 Fighting
 - Level 4.9(7.1) Axes
 + Level 7.8(8.5) Maces & Flails
 + Level 4.4 Bows
 + Level 7.6 Armour
 + Level 7.6 Dodging
 + Level 1.8 Shields
 + Level 5.0 Evocations


You had 10 spell levels left.
You didn't know any spells.
Your spell library contained the following spells:

 Spells                   Type           Power      Damage    Failure   Level
 Sandblast                Erth           0%         2d4       50%         1
 Passwall                 Tmut/Erth      0%         N/A       65%         2
 Stone Arrow              Conj/Erth      0%         3d7       86%         3


Dungeon Overview and Level Annotations

Branches:
Dungeon (11/15)            Temple (1/1) D:6            Lair (1/6) D:8
    Orc: D:9-12

Altars:
Zin
The Shining One

Shops:
D:1 **:   D:3 :   D:5 (?(=

Annotations:
D:2 Sigmund
D:3 dig for scrolls
D:10 Urug
D:11 Erolcha


Innate Abilities, Weirdness & Mutations

You are completely covered in rugged brown scales. (AC +3, +7% HP)
You have supernaturally acute eyesight. (SInv)
Armour fits poorly on your strangely shaped body.
You can roll at nearby foes to attack.
You have a long armoured tail.
You curl defensively after being hit. (AC +7*)


Message History

You whack the swamp worm! You burn the swamp worm.
Your tail-slap misses the swamp worm.
The swamp worm is heavily wounded.
The swamp worm bites you!
* * * LOW HITPOINT WARNING * * *
You barely miss the swamp worm. You tail-slap the swamp worm!
The swamp worm is almost dead.
The swamp worm misses you. You block the swamp worm's attack.
You hit the swamp worm. You burn the swamp worm.
You kill the swamp worm!
Trog accepts your kill.
You whack the demonic crawler! You burn the demonic crawler.
You tail-slap the demonic crawler.
The demonic crawler is almost dead.
The demonic crawler hits you but does no damage.
You block the demonic crawler's attack. x2
You barely miss the demonic crawler.
The demonic crawler is severely wounded.
The demonic crawler shrieks in warning!
The demonic crawler hits you.
* * * LOW HITPOINT WARNING * * *
The demonic crawler misses you. You block the demonic crawler's attack.
You barely miss the demonic crawler.
Your tail-slap misses the demonic crawler.
The demonic crawler is severely wounded.
The demonic crawler shrieks in warning!
You whack the demonic crawler!
The demonic crawler is almost dead.
The demonic crawler hits you.
* * * LOW HITPOINT WARNING * * *
The demonic crawler hits you but does no damage.
The demonic crawler hits you!
* * * LOW HITPOINT WARNING * * *
The demonic crawler misses you.
The demonic crawler hits you but does no damage.
The demonic crawler misses you.
You feel yourself speed up. You block the demonic crawler's attack.
The demonic crawler closely misses you. The demonic crawler barely misses you.
The demonic crawler hits you!
You die...

##≈≈≈≈≈#P≈≈.......#
#≈≈≈≈≈)≈≈≈≈......##
## ≈≈≈#≈≈≈......P#
≈###≈###≈≈≈......##
≈≈≈###≈≈≈≈...w...#
.≈≈≈≈≈≈≈...#####.##
..≈≈≈≈≈##.## #ww#
......##### #s##
....#.# #@# ......#
##.# ....#.# #P.#
....#.# ##.# ....+
# #.# ####.. #.#
......#### #.##
#......#P#######.P#
#.............##


You could see a demonic crawler and 2 swamp worms.

Vanquished Creatures
  Gastronok (D:11)
  3 two-headed ogres
  Sonja (D:10)
  Pikel (D:4)
  A manticore (D:9)
  2 cane toads
  A komodo dragon (Lair:1)
  A blink frog (Lair:1)
  Grinder (D:5)
  7 spriggans (Lair:1)
  A vampire (D:9)
  2 wyverns (D:9)
  A wraith (D:10)
  16 yaks
  A steam dragon (Lair:1)
  4 water moccasins (Lair:1)
  2 swamp worms (Lair:1)
  A swamp worm (shapeshifter) (D:9)
  An acid dragon (D:7)
  5 orc warriors
  4 ice beasts
  A sky beast (D:8)
  3 black bears
  5 ogres
  6 centaurs
  A necrophage (D:6)
  10 bullfrogs
  3 scorpions
  A water moccasin skeleton (D:5)
  7 wights
  3 howler monkeys (D:9)
  A bullfrog zombie (D:5)
  6 centaur zombies
  3 hounds
  A bullfrog skeleton (D:7)
  2 jellies
  2 orc priests
  A centaur skeleton (D:7)
  A gnoll shaman (D:9)
  Jessica (D:2)
  Ijyb (D:3)
  4 iguanas
  5 orc wizards
  A killer bee zombie (D:7)
  A hound skeleton (D:5)
  A howler monkey zombie (D:4)
  7 gnolls
  6 adders
  2 shadow imps
  3 white imps
  A worm (D:3)
  5 dart slugs
  25 orcs
  9 ball pythons
  3 endoplasms
  A giant cockroach (D:4)
  5 goblins
  3 hobgoblins
  4 jackals (D:3)
  5 kobolds
  3 quokkas (D:1)
  6 bats
  2 frilled lizards
  6 rats
224 creatures vanquished.

Vanquished Creatures (others)
  A fungus (Lair:1)
  8 plants
9 creatures vanquished.

Grand Total: 233 creatures vanquished

Notes
Turn   | Place    | Note
-------+----------+-------------------------------------------
     0 | D:1      | fragbeetle the Palentonga Berserker began the quest for the
                  | Orb.
     0 | D:1      | Reached XP level 1. HP: 19/19 MP: 1/1
   182 | D:1      | Reached XP level 2. HP: 22/25 MP: 2/2
   194 | D:1      | HP: 1/25 [quokka (4)]
   557 | D:1      | Found Rian's Assorted Antiques.
   698 | D:1      | Found Mikh's General Store.
   708 | D:1      | Bought a scroll of fog for 20 gold pieces
   850 | D:1      | Found Padas's Book Shoppe.
   955 | D:1      | Found a faded altar of an unknown god.
  1035 | D:2      | Found a glowing golden altar of the Shining One.
  1055 | D:2      | Noticed Jessica
  1062 | D:2      | Killed Jessica
  1063 | D:2      | Reached XP level 3. HP: 22/31 MP: 3/3
  1164 | D:2      | Reached ** piety under Trog
  1252 | D:2      | Noticed Sigmund
  1346 | D:3      | Reached XP level 4. HP: 28/37 MP: 4/4
  1803 | D:3      | Found Bahatwor's Book Shop.
  1841 | D:3      | Noticed Ijyb
  1892 | D:3      | Killed Ijyb
  2219 | D:3      | Reached XP level 5. HP: 44/44 MP: 5/5
  2502 | D:3      | Noticed an ogre
  2512 | D:3      | Killed an ogre
  2513 | D:3      | Reached skill level 4 in Fighting
  2563 | D:3      | Found a glowing silver altar of Zin.
  2764 | D:4      | Noticed a lemure
  2764 | D:4      | Noticed a lemure
  2764 | D:4      | Noticed Pikel
  2779 | D:4      | Noticed a lemure
  2781 | D:4      | Noticed a lemure
  2789 | D:4      | Killed Pikel
  2790 | D:4      | Reached XP level 6. HP: 42/53 MP: 6/6
  2790 | D:4      | Gained mutation: You curl defensively after being hit. (AC
                  | +7*) [Palentonga growth]
  2790 | D:4      | Reached XP level 7. HP: 47/58 MP: 7/7
  2805 | D:4      | Reached skill level 5 in Fighting
  3103 | D:4      | Reached skill level 1 in Maces & Flails
  3355 | D:5      | Entered Level 5 of the Dungeon
  3371 | D:5      | Reached *** piety under Trog
  3449 | D:5      | Found Iru Cama's Jewellery Shoppe.
  3467 | D:5      | Reached XP level 8. HP: 52/67 MP: 8/8
  4040 | D:5      | Found Kegojeitz's Weapon Boutique.
  4131 | D:5      | Noticed Grinder
  4147 | D:5      | Killed Grinder
  4148 | D:5      | Reached skill level 6 in Fighting
  4282 | D:5      | Found Pecloiro's Magic Scroll Boutique.
  4290 | D:5      | Bought a scroll of identify for 22 gold pieces
  4290 | D:5      | Bought a scroll of teleportation for 33 gold pieces
  4314 | D:5      | Found Zeorpheo's Weapon Boutique.
  4730 | D:6      | Reached skill level 5 in Armour
  4730 | D:6      | Reached skill level 5 in Dodging
  4955 | D:6      | Reached XP level 9. HP: 39/75 MP: 9/9
  5554 | D:6      | Reached skill level 7 in Fighting
  5905 | D:6      | Found a staircase to the Ecumenical Temple.
  5911 | Temple   | Entered the Ecumenical Temple
  6355 | D:7      | Reached skill level 5 in Maces & Flails
  7490 | D:8      | Found a staircase to the Lair.
  7500 | D:7      | Reached skill level 1 in Evocations
  7572 | D:8      | Reached skill level 1 in Bows
  7965 | D:8      | Noticed a two-headed ogre
  7981 | D:8      | Killed a two-headed ogre
  7982 | D:8      | Reached XP level 10. HP: 85/85 MP: 10/10
  8027 | Lair:1   | Entered Level 1 of the Lair of Beasts
  8039 | Lair:1   | Noticed a cane toad
  8106 | D:8      | Noticed a guardian serpent
  8110 | D:8      | a guardian serpent changed into a meliai
  8120 | D:8      | Noticed a fire crab
  8128 | D:8      | a fire crab changed into a yak
  8971 | D:9      | Noticed a two-headed ogre
  8984 | D:9      | Killed a two-headed ogre
  8985 | D:9      | Reached skill level 8 in Fighting
  9128 | D:8      | Noticed a guardian serpent
  9130 | D:8      | Noticed a death drake
  9130 | D:8      | a guardian serpent changed into a death drake
  9131 | D:8      | a death drake changed into a jumping spider
  9942 | D:9      | Noticed a manticore
  9955 | D:9      | Killed a manticore
 10863 | D:10     | Entered Level 10 of the Dungeon
 11306 | D:10     | Noticed a two-headed ogre
 11313 | D:10     | Killed a two-headed ogre
 11314 | D:10     | Reached XP level 11. HP: 93/93 MP: 11/11
 11403 | D:10     | Noticed Sonja
 11427 | D:10     | Killed Sonja
 11740 | D:10     | Noticed Urug
 11755 | D:11     | Noticed Gastronok
 12099 | D:11     | Killed Gastronok
 12220 | D:11     | Noticed Erolcha
 12295 | D:10     | Reached skill level 9 in Fighting
 12606 | D:5      | Bought a scroll of identify for 22 gold pieces
 12606 | D:5      | Bought a scroll of enchant weapon for 82 gold pieces
 13538 | Lair:1   | Reached skill level 1 in Shields
 13951 | Lair:1   | Reached skill level 5 in Evocations
 14233 | Lair:1   | HP: 4/95 [demonic crawler (8)]
 14234 | Lair:1   | Slain by a demonic crawler

Illustrated notes

Levels and vault maps discovered:
D:1:      saegor_arrival_simple_b, layout_basic,
          shapermc_ecumenical_altar_mp_highgroup, serial_shops,
          nicolae_shop_overgrown_old_shop, nicolae_shop_stone,
          nicolae_shop_temple_entry_statues_fountains, serial_forest,
          infiniplex_forest_lined_4_way, infiniplex_forest_clump_long,
          infiniplex_forest_lined_room_, infiniplex_forest_corner_2,
          infiniplex_forest_clump_tiny, serial_bayou_crossing
D:2:      layout_loops_corners, serial_glass, glass_columns_c, glass_columns_b,
          glass_columns_a, glass_columns_b, glass_columns_a, glass_columns_a,
          glass_columns_a, glass_columns_a, basic_altar, kennysheep_cross_room,
          corner_web_ring, uniq_jessica, uniq_robin, uniq_sigmund
D:3:      layout_basic, zin_scriptorium, serial_shops, nicolae_shop_crystal,
          uniq_ijyb
D:4:      layout_cave_pools, kennysheep_generic_room_9, uniq_pikel
D:5:      layout_loops_ring, serial_shops, nicolae_shop_advertising_works
          [nicolae_subvault_shop_adworks], nicolae_shop_crystal, shop,
          nicolae_shop_bloodbath_and_beyond, uniq_grinder
D:6:      minmay_inner_zag, layout_basic, temple_green
D:7:      kennysheep_six_static_rooms, layout_basic
D:8:      layout_rooms, lair_entry_dummy
D:9:      layout_basic
D:10:     layout_gridville, uniq_urug, uniq_sonja
D:11:     layout_loops_ring, orc_david_3, ebering_ghost_inner_flame,
          kennysheep_generic_room_13, uniq_erolcha, uniq_gastronok
Temple:   mainiacjoe_temple_hex_bubbles
Lair:1:   kb_forest_paths, layout_chaotic_city, worms_lemuel

Skill      XL: |  1  2  3  4  5  6  7  8  9 10 11 |
---------------+----------------------------------+-----
Dodging        | 2 3 4 5 6 7 |  7.6
Armour         | 2 3 4 5 6 7 |  7.6
Fighting       | 4 5 6 7 8 9 |  9.4
Axes           | 4 |  4.9
Maces & Flails | 1 4 5 6 7 |  7.8
Evocations     | 1 3 5 |  5.0
Bows           | 1 3 4 |  4.4
Shields        | 1 |  1.8

Action                   |  1- 3 |  4- 6 |  7- 9 | 10-12 || total
-------------------------+-------+-------+-------+-------++-------
Melee: Hand axe          |    81 |    99 |       |       ||   180
       Tailslap          |    10 |    12 |    54 |    91 ||   167
       Whip              |       |       |   369 |   408 ||   777
 Fire: Shortbow          |       |       |     4 |    12 ||    16
       Hunting sling     |       |       |     2 |       ||     2
Throw: Stone             |     4 |       |       |       ||     4
       Boomerang         |       |       |     6 |     2 ||     8
Invok: Berserk           |     1 |     4 |     8 |    18 ||    31
       Trog's Hand       |       |     1 |     1 |     2 ||     4
 Abil: Rolling Charge    |       |     1 |       |     5 ||     6
Evoke: Wand              |       |       |     2 |     3 ||     5
  Use: Scroll            |       |       |     4 |     6 ||    10
       Potion            |       |       |       |     3 ||     3
 Stab: Distracted        |       |       |     1 |       ||     1
Armor: Leather armour    |    25 |    33 |   103 |    29 ||   190
       Animal skin       |     3 |       |       |       ||     3
       Acid dragon scale |       |       |     9 |    70 ||    79
Dodge: Dodged            |    34 |    49 |   146 |   141 ||   370
Block: Other             |       |       |     9 |    57 ||    66
       Reflection        |       |       |       |     4 ||     4
       Buckler           |       |       |       |    43 ||    43

Table legend: (Time is in decaauts)
 A = Elapsed time spent in this place.
 B = Non-inter-level travel time spent in this place.
 C = Inter-level travel time spent in this place.
 D = Time resting spent in this place.
 E = Time spent auto-exploring this place.
 F = Levels seen in this place.
 G = Mean time per level.
                   A        B        C        D        E       F      G
               +--------+--------+--------+--------+--------+-----+--------+
         Total |  14423 |  13998 |    425 |   5041 |   4534 |  13 | 1109.5 |
       Dungeon |  12862 |  12437 |    425 |   4114 |   4502 |  11 | 1169.3 |
        Temple |      1 |      1 |      0 |      0 |      0 |   1 |    1.0 |
          Lair |   1559 |   1559 |      0 |    926 |     32 |   1 | 1559.0 |
               +--------+--------+--------+--------+--------+-----+--------+

Top non-repeatable levels by time:
     D:7: 1929 daAuts
     D:9: 1923 daAuts
     D:5: 1597 daAuts
  Lair:1: 1559 daAuts
     D:3: 1422 daAuts
     D:6: 1284 daAuts
    D:10: 1234 daAuts
     D:8: 1106 daAuts
     D:1: 1027 daAuts
     D:4: 712 daAuts
    D:11: 350 daAuts
     D:2: 273 daAuts
  Temple: 1 daAuts
